[Event "URU-ch Semi Final 2020"]
[Site "Montevideo"]
[Date "2020.02.22"]
[Round "1.16"]
[White "Pichuaga, Juan Pablo"]
[Black "Lima Abadal, Nicolas"]
[Result "1-0"]
[ECO "B26"]
[WhiteElo "2030"]
[BlackElo "1646"]
[Annotator "RC"]
[PlyCount "41"]
[EventDate "2020.02.22"]
[EventType "swiss"]
[EventCountry "URU"]
[SourceTitle "playchess.com"]
[Source "ChessBase"]
[SourceQuality "1"]
[TimeControl "5400+30"]

1. e4 c5 2. Nc3 Nc6 3. g3 g6 4. Bg2 Bg7 5. d3 d6 6. Be3 Rb8 7. Qd2 b5 8. f4 b4 9. Nd1 Qc7 10. Ne2 Bg4 11. h3 Bxe2 12. Qxe2 Nd4 13. Qf2 e5 14. O-O exf4 15. Bxf4 Ne6 16. Be3 Nf6 17. Qd2 O-O 18. Bh6 Rbd8 19. Bxg7 Kxg7 20. Ne3 Nd4 21. Rxf6 1-0

[Event "URU-ch Semi Final 2020"]
[Site "Montevideo"]
[Date "2020.02.22"]
[Round "1.20"]
[White "Durante, Aurelio"]
[Black "Belbey, Juan"]
[Result "1-0"]
[ECO "B40"]
[WhiteElo "1955"]
[BlackElo "1611"]
[Annotator "ChessBase"]
[PlyCount "71"]
[EventDate "2020.02.22"]
[EventType "swiss"]
[EventCountry "URU"]
[SourceTitle "playchess.com"]
[Source "ChessBase"]
[SourceQuality "1"]
[TimeControl "5400+30"]

1. e4 c5 2. Nf3 e6 3. c3 d5 4. exd5 exd5 5. d4 Nc6 6. Be2 Nf6 7. O-O Bd6 8. Bg5 Be6 9. Re1 cxd4 10. Nxd4 h6 11. Nxe6 fxe6 12. Bh5+ Kf8 13. Bh4 g5 14. Bg3 e5 15. h4 Kg7 16. b4 Qb6 17. a4 Ne4 18. Rxe4 dxe4 19. Qxd6 Rh7 20. Na3 Rf8 21. Nc4 Qd8 22. Qg6+ Kh8 23. Rd1 Qf6 24. Nxe5 gxh4 25. Qxf6+ Rxf6 26. Bxh4 Rf5 27. Ng6+ Kg8 28. g4 Rf3 29. b5 Na5 30. Rd8+ Kg7 31. Bg3 Rxg3+ 32. fxg3 Kf6 33. Rd6+ Kg5 34. Rd5+ Kf6 35. Rf5+ Ke6 36. Nf8+ 1-0

[Event "URU-ch Semi Final 2020"]
[Site "Montevideo"]
[Date "2020.02.22"]
[Round "1.21"]
[White "Amaral, Francisco"]
[Black "Izquierdo, Sebastian"]
[Result "0-1"]
[ECO "B44"]
[WhiteElo "1567"]
[BlackElo "1950"]
[Annotator "ChessBase"]
[PlyCount "104"]
[EventDate "2020.02.22"]
[EventType "swiss"]
[EventCountry "URU"]
[SourceTitle "playchess.com"]
[Source "ChessBase"]
[SourceQuality "1"]
[TimeControl "5400+30"]

1. e4 c5 2. Nf3 e6 3. d4 cxd4 4. Nxd4 Nc6 5. Be3 Nf6 6. Nd2 Be7 7. c3 O-O 8. g3 a6 9. Bg2 Ne5 10. h3 Nd3+ 11. Ke2 Ne5 12. Re1 d5 13. Kf1 Nd3 14. Re2 e5 15. Nf5 Bxf5 16. exf5 Qd7 17. Nf3 e4 18. Nd4 Ne5 19. a4 Rac8 20. Kg1 Nc4 21. Bg5 Rfd8 22. b3 Nd6 23. Rc1 Nxf5 24. Rd2 Nxd4 25. Rxd4 Qf5 26. Bh4 Bc5 27. g4 Qe6 28. Rd2 e3 29. Re2 exf2+ 30. Bxf2 Bxf2+ 31. Rxf2 Ne4 32. Rf3 h6 33. b4 Qb6+ 34. Kh2 Qd6+ 35. Kg1 Qe5 36. Rf5 Qg3 37. Rf3 Qc7 38. Qd4 Ng5 39. Rd3 Ne6 40. Qf2 d4 41. c4 Nf4 42. Rd2 g5 43. Kh1 d3 44. c5 b6 45. Rc4 bxc5 46. Rxc5 Qd6 47. Qe3 Re8 48. Rxc8 Rxc8 49. Rb2 Rc2 50. Rxc2 dxc2 51. Bf3 Qd1+ 52. Kh2 Ne6 0-1

[Event "URU-ch Semi Final 2020"]
[Site "Montevideo"]
[Date "2020.02.22"]
[Round "1.22"]
[White "Salguero, Rafael"]
[Black "Cayetano, Juan"]
[Result "1-0"]
[ECO "D36"]
[WhiteElo "1906"]
[BlackElo "1543"]
[Annotator "ChessBase"]
[PlyCount "67"]
[EventDate "2020.02.22"]
[EventType "swiss"]
[EventCountry "URU"]
[SourceTitle "playchess.com"]
[Source "ChessBase"]
[SourceQuality "1"]
[TimeControl "5400+30"]

1. d4 e6 2. c4 d5 3. Nc3 Nf6 4. cxd5 exd5 5. Bg5 c6 6. Qc2 Be7 7. e3 Ne4 8. Nxe4 Bxg5 9. Nxg5 Qxg5 10. Nf3 Qg6 11. Qxg6 hxg6 12. b4 Nd7 13. b5 c5 14. dxc5 Nxc5 15. Rd1 Be6 16. Ng5 Rd8 17. Nxe6 Nxe6 18. Be2 O-O 19. Bf3 d4 20. Bxb7 Nc5 21. Bc6 dxe3 22. fxe3 Nd3+ 23. Ke2 Nb4 24. Rb1 Nxa2 25. Rb3 a5 26. bxa6 Rc8 27. Ra1 Rxc6 28. Rxa2 Ra8 29. a7 Rcc8 30. Rb7 Kf8 31. Rab2 Ke8 32. Rb8 Ke7 33. Rxc8 Rxc8 34. Rb8 1-0

[Event "URU-ch Semi Final 2020"]
[Site "Montevideo"]
[Date "2020.02.22"]
[Round "1.23"]
[White "Blanco, Rudemar Ernesto"]
[Black "Avedisian, Alexander"]
[Result "1/2-1/2"]
[ECO "A45"]
[WhiteElo "1470"]
[BlackElo "1892"]
[Annotator "NA"]
[PlyCount "117"]
[EventDate "2020.02.22"]
[EventType "swiss"]
[EventCountry "URU"]
[SourceTitle "playchess.com"]
[Source "ChessBase"]
[SourceQuality "1"]
[TimeControl "5400+30"]

1. d4 Nf6 2. Bf4 g6 3. Nc3 Bg7 4. e4 d5 5. Nb5 Na6 6. e5 Nd7 7. Qd2 c6 8. Na3 O-O 9. Bh6 e6 10. Bxg7 Kxg7 11. f4 Qh4+ 12. g3 Qh6 13. Nf3 f6 14. Be2 fxe5 15. fxe5 Nc7 16. Qxh6+ Kxh6 17. O-O b6 18. Nh4 Ba6 19. Bxa6 Nxa6 20. c3 c5 21. Rxf8 Rxf8 22. Rf1 Rxf1+ 23. Kxf1 g5 24. Ng2 cxd4 25. cxd4 Nb4 26. Nb5 Nc6 27. Kf2 a6 28. Nc7 Nxd4 29. h4 a5 30. hxg5+ Kxg5 31. Nf4 Nc5 32. Ke3 Nf5+ 33. Kf3 Ng7 34. g4 a4 35. Nb5 h5 36. Nxh5 Nxh5 37. gxh5 Kxh5 38. Ke3 Kg5 39. Nd4 Kg6 40. Nb5 Kf5 41. Kd4 Ne4 42. Nd6+ Kf4 43. Nb5 Ng5 44. Nc7 Nf3+ 45. Kc3 Kxe5 46. Nb5 Ke4 47. Kb4 d4 48. Kxa4 Ng1 49. Nd6+ Ke3 50. Nc4+ Ke2 51. Nxb6 d3 52. Nc4 d2 53. Nxd2 Kxd2 54. b4 Nf3 55. b5 Ne5 56. Kb4 Kd3 57. Kc5 Nc4 58. b6 Nxb6 59. Kd6 1/2-1/2

[Event "URU-ch Semi Final 2020"]
[Site "Montevideo"]
[Date "2020.02.22"]
[Round "2.1"]
[White "Lopez Falcon, Jorge"]
[Black "Lopez Azambuja, Nicolas"]
[Result "1/2-1/2"]
[ECO "E11"]
[WhiteElo "2119"]
[BlackElo "2310"]
[Annotator "NA"]
[PlyCount "138"]
[EventDate "2020.02.22"]
[EventType "swiss"]
[EventCountry "URU"]
[SourceTitle "playchess.com"]
[Source "ChessBase"]
[SourceQuality "1"]
[TimeControl "5400+30"]

1. d4 Nf6 2. c4 e6 3. Nf3 Bb4+ 4. Nbd2 O-O 5. a3 Be7 6. e4 d6 7. Bd3 c5 8. O-O cxd4 9. Nxd4 b6 10. b4 Bb7 11. Qe2 Nbd7 12. Bb2 Ne5 13. Bc2 Ng6 14. g3 Rc8 $14 15. Rac1 Re8 16. Ba4 Rf8 17. f4 Qc7 18. f5 exf5 19. Nxf5 Ne5 20. Ne3 Qd8 21. Bxe5 dxe5 22. Nd5 a5 23. Nf3 axb4 24. axb4 Qd6 25. Qb2 Bxd5 26. cxd5 Qxb4 27. Qxb4 Bxb4 28. Nxe5 Bc5+ 29. Kg2 Nxe4 30. Bc6 Nf6 31. Rfd1 Rfd8 32. Rb1 Ne4 33. Rdc1 Rc7 34. Nc4 Rb8 35. Rc2 Nd6 36. Ne5 Rd8 37. Nd7 Ra7 38. Nxb6 Bxb6 39. Rxb6 g6 40. Re2 h5 41. Rb4 Kf8 42. Kf2 Re7 43. Rxe7 Kxe7 44. Ra4 f5 45. Ra2 Kf6 46. Kf3 Rb8 47. Re2 Ne4 48. d6 Nxd6 49. Bd5 Re8 50. Rxe8 Nxe8 51. h4 Nc7 52. Bc4 Ke5 53. Bf7 Kf6 54. Bc4 Ne8 55. Kf4 Nd6 56. Bd5 Nb5 57. Bc6 Nc3 58. Kf3 Ke5 59. Be8 Kf6 60. Bc6 Na2 61. Kf4 Nb4 62. Be8 Nd3+ 63. Ke3 Nc5 64. Kf4 Ne6+ 65. Kf3 Ng7 66. Ba4 g5 67. hxg5+ Kxg5 68. Bd7 Kg6 69. Kf4 Kf6 1/2-1/2

[Event "URU-ch Semi Final 2020"]
[Site "Montevideo"]
[Date "2020.02.22"]
[Round "2.2"]
[White "Michailov, Matias"]
[Black "Guerrero, Alvaro"]
[Result "1-0"]
[ECO "B12"]
[WhiteElo "2262"]
[BlackElo "2094"]
[Annotator "NA"]
[PlyCount "119"]
[EventDate "2020.02.22"]
[EventType "swiss"]
[EventCountry "URU"]
[SourceTitle "playchess.com"]
[Source "ChessBase"]
[SourceQuality "1"]
[TimeControl "5400+30"]

1. e4 c6 2. d4 d5 3. e5 Bf5 4. h4 h5 5. c4 e6 6. Nc3 dxc4 7. Bxc4 Be7 8. Be3 Nh6 9. Qd2 Nd7 10. Nge2 Nb6 11. Bb3 a5 12. a3 a4 13. Ba2 $11 Ng4 14. Bg5 f6 15. exf6 gxf6 16. Bf4 e5 17. Bg3 Bf8 18. O-O Rh7 19. Qe1 Re7 20. Rd1 Qc8 21. dxe5 fxe5 22. Qd2 Bh6 23. Qe1 Nd7 24. Rd6 Qc7 25. Rxh6 Nxh6 26. Qd2 Nf7 27. Nd4 Bg6 28. Ne6 Qb6 29. Kh1 Nc5 30. Qe3 Qa6 31. Qxc5 Qxf1+ 32. Kh2 Qd3 33. Bb1 Qd6 34. Qxd6 Nxd6 35. Bxg6+ Kd7 36. Nc5+ Kd8 37. N5xa4 Nc4 38. Bxh5 b5 39. Be2 Nd6 40. Nc5 Nf5 41. Bf3 Kc7 42. Be4 Nxg3 43. Kxg3 Kb6 44. Nd3 Rd8 45. Kf3 Kc7 46. Ke3 Kd6 47. h5 Rh8 48. g4 Rf7 49. Bxc6 b4 50. axb4 Rf4 51. Nxf4 exf4+ 52. Kxf4 Kxc6 53. Kf5 Rf8+ 54. Kg5 Rxf2 55. h6 Kd7 56. h7 Rh2 57. Kg6 Ke7 58. b5 Rh4 59. g5 Rh2 60. b6 1-0

[Event "URU-ch Semi Final 2020"]
[Site "Montevideo"]
[Date "2020.02.22"]
[Round "2.3"]
[White "Suarez, Pedro"]
[Black "Larrea, Manuel"]
[Result "0-1"]
[ECO "E91"]
[WhiteElo "2063"]
[BlackElo "2243"]
[Annotator "NA"]
[PlyCount "180"]
[EventDate "2020.02.22"]
[EventType "swiss"]
[EventCountry "URU"]
[SourceTitle "playchess.com"]
[Source "ChessBase"]
[SourceQuality "1"]
[TimeControl "5400+30"]

1. d4 Nf6 2. c4 g6 3. Nc3 Bg7 4. e4 d6 5. Be2 O-O 6. Nf3 Bg4 7. h3 Bxf3 8. Bxf3 Nfd7 9. Be3 e5 {[%emt 0:08:54] [#]} 10. Ne2 (10. d5 $1 $16) 10... exd4 11. Nxd4 Nb6 12. Rc1 c5 13. Nb5 Bxb2 14. Rc2 $17 Be5 15. Qd3 a6 16. Nc3 Nc6 17. a3 Nd4 18. Bxd4 Bxd4 19. Ne2 Be5 20. O-O Nd7 21. Rd1 Re8 22. g3 Nb8 23. Bg2 Nc6 24. f4 Bd4+ 25. Kh2 Rb8 26. Qf3 Qe7 27. Rcd2 Qe6 28. Qd3 Red8 29. a4 h5 30. Rf1 Bg7 31. f5 Qe5 32. fxg6 fxg6 33. Nf4 Kh7 34. Qd5 h4 35. gxh4 Rf8 36. Rdf2 Rxf4 37. Rxf4 Rf8 38. Qxe5 Bxe5 39. Kg3 Kg7 40. R1f2 Nd4 41. Kg4 Bxf4 42. Rxf4 Rb8 43. Bf1 Nc6 44. Kg3 Re8 45. Be2 Re5 46. Kf2 Re8 47. Ke3 Nd4 48. Bg4 Re7 49. Kd3 Rc7 50. Rf1 Nc6 51. Be6 Nd4 52. Bd5 Nc6 53. Bxc6 Rxc6 54. a5 Rc7 55. Ke3 Rc6 56. Rf2 b5 57. e5 dxe5 58. Ke4 bxc4 59. Kxe5 Rc8 60. Kd5 Rb8 61. Kxc5 Rb5+ 62. Kxc4 Rxa5 63. Kb4 Rf5 64. Rg2 Kh6 65. Rg3 Kh5 66. Ka4 Rf6 67. Rg4 Rf3 68. Ka5 Rxh3 69. Rg5+ Kh6 70. Rg4 Ra3+ 71. Kb6 Ra1 72. Kb7 Ra5 73. Kb6 Rf5 74. Kxa6 Kh5 75. Re4 Rf3 76. Kb5 Rh3 77. Kc5 Rxh4 78. Re8 g5 79. Kd5 Rf4 80. Rg8 Rf1 81. Ke4 Kh4 82. Ke3 g4 83. Ke2 Rf7 84. Rg6 Kh3 85. Rg8 g3 86. Rg6 Kg2 87. Ke3 Re7+ 88. Kf4 Kf2 89. Kg4 g2 90. Rf6+ Ke2 0-1

[Event "URU-ch Semi Final 2020"]
[Site "Montevideo"]
[Date "2020.02.22"]
[Round "2.4"]
[White "Carbone, Diego"]
[Black "Pichuaga, Juan Pablo"]
[Result "1-0"]
[ECO "E68"]
[WhiteElo "2239"]
[BlackElo "2030"]
[Annotator "ChessBase"]
[PlyCount "255"]
[EventDate "2020.02.22"]
[EventType "swiss"]
[EventCountry "URU"]
[SourceTitle "playchess.com"]
[Source "ChessBase"]
[SourceQuality "1"]
[TimeControl "5400+30"]

1. d4 Nf6 2. c4 g6 3. g3 Bg7 4. Bg2 d6 5. Nc3 O-O 6. Nf3 Nbd7 7. O-O e5 8. e4 exd4 9. Nxd4 Nc5 10. h3 Re8 11. Re1 a5 12. Qc2 Ng4 13. Nb3 Nxb3 14. axb3 Ne5 15. Be3 Nc6 16. Rad1 Bd7 17. Qd2 Qc8 18. Kh2 Nb4 19. c5 Be6 20. cxd6 Rd8 21. Nb5 cxd6 22. Bb6 Bxb3 23. Bxd8 Bxd1 24. Bxa5 Rxa5 25. Qxb4 Ra4 26. Qxd6 Bb3 27. e5 Bf8 28. Qf6 Qe6 29. Qf3 Rb4 30. Nc3 Bc4 31. Ne4 Rxb2 32. Qf4 Be7 33. Nf6+ Kg7 34. Ng4 g5 35. Qd4 Rb4 36. Qa1 h5 37. Ne3 Bc5 38. Qd1 Bxe3 39. Rxe3 Rb3 40. Qxh5 Qg6 41. Qxg6+ Kxg6 42. Be4+ f5 43. exf6+ Kxf6 44. Rxb3 Bxb3 45. Bxb7 Be6 46. Bf3 Ke5 47. Kg2 Bc4 48. Bg4 Bd5+ 49. Kf1 Kd4 50. Ke2 Bc4+ 51. Kd2 Bf1 52. Bd7 Bc4 53. Ke1 Ba6 54. Bg4 Bb5 55. Be2 Bd7 56. Bf1 Be6 57. Kd2 Bb3 58. Bg2 Bc4 59. Bf3 Bf1 60. h4 gxh4 61. gxh4 Ke5 62. Ke3 Bh3 63. Bc6 Bf5 64. Bb5 Bh3 65. Bd3 Bg2 66. h5 Kf6 67. Kf4 Kg7 68. Be4 Bh3 69. Kg5 Bf1 70. f4 Bh3 71. h6+ Kh8 72. Bf5 Bf1 73. Kf6 Be2 74. Ke5 Bf1 75. Kd4 Kg8 76. Ke3 Kh8 77. Kf3 Kg8 78. Kf2 Bb5 79. Kg3 Bf1 80. Kh4 Kh8 81. Kh5 Bg2 82. Kh4 Bd5 83. Kg5 Bc4 84. Be4 Be6 85. Kf6 Bh3 86. Bf5 Bf1 87. Ke5 Be2 88. Kd4 Bd1 89. Ke5 Be2 90. Bc2 Bg4 91. Kf6 Bh3 92. Kg5 Kg8 93. Bf5 Bf1 94. Be6+ Kh8 95. Bf7 Bh3 96. Bg6 Kg8 97. Kf6 Kh8 98. Ke5 Kg8 99. Bf5 Bf1 100. Kf6 Kh8 101. Be4 Bh3 102. Bd3 Kg8 103. Ke7 Kh8 104. Bc2 Bg4 105. Kf7 Bf5 106. Bb3 Kh7 107. Kf6 Bd3 108. Kg5 Kh8 109. Bf7 Kh7 110. Be6 Kh8 111. Bg4 Kg8 112. Bh5 Kh7 113. Be8 Bc2 114. Bd7 Kh8 115. Bf5 Ba4 116. Be4 Bd7 117. Bf3 Kh7 118. Bg4 Bb5 119. f5 Be8 120. f6 Bf7 121. Bf5+ Kh8 122. Bg6 Bd5 123. Kf5 Bc4 124. Ke5 Bb3 125. Kd6 Bc4 126. Ke7 Bd5 127. Be8 Bc4 128. Bd7 1-0

[Event "URU-ch Semi Final 2020"]
[Site "Montevideo"]
[Date "2020.02.22"]
[Round "2.5"]
[White "Carvalho, Guillermo"]
[Black "Durante, Aurelio"]
[Result "1-0"]
[ECO "D02"]
[WhiteElo "2187"]
[BlackElo "1955"]
[Annotator "NA"]
[PlyCount "43"]
[EventDate "2020.02.22"]
[EventType "swiss"]
[EventCountry "URU"]
[SourceTitle "playchess.com"]
[Source "ChessBase"]
[SourceQuality "1"]
[TimeControl "5400+30"]

1. Nf3 d5 2. d4 Nf6 3. g3 c5 4. Bg2 Nc6 5. O-O e6 6. b3 cxd4 7. Nxd4 Bc5 8. Bb2 O-O 9. e3 Re8 10. c4 e5 11. Nxc6 bxc6 12. Nc3 Bg4 $11 13. Qc1 Rc8 14. Na4 Bd6 15. Qc2 Qd7 16. f3 Bh3 17. Rad1 Bb8 18. Nc5 Qe7 19. Bxh3 Qxc5 20. Bxc8 Qxe3+ 21. Kg2 Rxc8 22. cxd5 1-0

[Event "URU-ch Semi Final 2020"]
[Site "Montevideo"]
[Date "2020.02.22"]
[Round "2.6"]
[White "Dotta, Gian Franco"]
[Black "Vazquez, Facundo"]
[Result "0-1"]
[ECO "B23"]
[WhiteElo "2000"]
[BlackElo "2155"]
[Annotator "NA"]
[PlyCount "76"]
[EventDate "2020.02.22"]
[EventType "swiss"]
[EventCountry "URU"]
[SourceTitle "playchess.com"]
[Source "ChessBase"]
[SourceQuality "1"]
[TimeControl "5400+30"]

1. e4 c5 2. Nc3 Nc6 3. f4 g6 4. Nf3 Bg7 5. Bb5 Nd4 6. O-O e6 7. Kh1 a6 8. Bd3 Ne7 9. e5 ({Better is} 9. Nxd4 $11 cxd4 10. Ne2) 9... Nxf3 10. Qxf3 d5 11. exd6 Qxd6 12. b3 O-O $11 13. Bb2 Qc7 14. Na4 Bd7 15. Bxg7 Kxg7 16. Nc3 Rfd8 17. Rae1 Bc6 18. Be4 Nd5 19. Nxd5 Bxd5 20. d3 b5 21. Bxd5 Rxd5 22. f5 gxf5 23. Qh5 Qd8 24. Rf3 Qf6 25. Rh3 h6 26. Rf3 Kh7 27. Ref1 Rg8 28. g4 Rg5 29. Qh3 Qg6 30. gxf5 Rdxf5 31. Rxf5 Rxf5 32. c4 bxc4 33. bxc4 Rxf1+ 34. Qxf1 Kg7 35. Qf3 Qg5 36. a4 a5 37. Qe4 Qf5 38. Qe3 Qf1+ 0-1

[Event "URU-ch Semi Final 2020"]
[Site "Montevideo"]
[Date "2020.02.22"]
[Round "2.7"]
[White "Dominguez, Facundo"]
[Black "Salguero, Rafael"]
[Result "1-0"]
[ECO "C02"]
[WhiteElo "2135"]
[BlackElo "1906"]
[Annotator "ChessBase"]
[PlyCount "53"]
[EventDate "2020.02.22"]
[EventType "swiss"]
[EventCountry "URU"]
[SourceTitle "playchess.com"]
[Source "ChessBase"]
[SourceQuality "1"]
[TimeControl "5400+30"]

1. e4 e6 2. d4 d5 3. e5 c5 4. c3 Qb6 5. Nf3 Nc6 6. a3 Nh6 7. b4 cxd4 8. cxd4 Nf5 9. Be3 f6 10. exf6 gxf6 11. Nc3 Nxe3 12. fxe3 Bh6 13. Qd2 O-O 14. Bd3 Kh8 15. Na4 Qd8 16. O-O e5 17. Bc2 Bg4 18. Kh1 Bxf3 19. Rxf3 Nxd4 20. Rh3 Nxc2 21. Qxc2 Kg7 22. Qf5 Qc8 23. Qh5 Qxh3 24. Qxh3 b6 25. Nc3 Rfd8 26. Rd1 Rac8 27. Nxd5 1-0

[Event "URU-ch Semi Final 2020"]
[Site "Montevideo"]
[Date "2020.02.22"]
[Round "2.8"]
[White "Izquierdo, Sebastian"]
[Black "Santos Izquierdo, Daniel"]
[Result "1/2-1/2"]
[ECO "E63"]
[WhiteElo "1950"]
[BlackElo "2206"]
[Annotator "ChessBase"]
[PlyCount "24"]
[EventDate "2020.02.22"]
[EventType "swiss"]
[EventCountry "URU"]
[SourceTitle "playchess.com"]
[Source "ChessBase"]
[SourceQuality "1"]
[TimeControl "5400+30"]

1. d4 Nf6 2. Nf3 g6 3. g3 Bg7 4. Bg2 O-O 5. O-O d6 6. c4 Nc6 7. Nc3 a6 8. d5 Na5 9. Nd2 c5 10. Qc2 Rb8 11. b3 b5 12. Rb1 e5 1/2-1/2

[Event "URU-ch Semi Final 2020"]
[Site "Montevideo"]
[Date "2020.02.22"]
[Round "2.9"]
[White "Curi, Gabriel"]
[Black "Palacio, Enzo"]
[Result "1-0"]
[ECO "B92"]
[WhiteElo "2132"]
[BlackElo "1869"]
[Annotator "NA"]
[PlyCount "71"]
[EventDate "2020.02.22"]
[EventType "swiss"]
[EventCountry "URU"]
[SourceTitle "playchess.com"]
[Source "ChessBase"]
[SourceQuality "1"]
[TimeControl "5400+30"]

1. e4 c5 2. Nf3 d6 3. d4 cxd4 4. Nxd4 Nf6 5. Nc3 a6 6. Be2 e5 7. Nb3 Be7 8. Be3 Be6 9. O-O O-O 10. Qd2 $11 Nbd7 11. a4 Rc8 12. Rfd1 Qc7 13. a5 Rfd8 14. Bf3 Nc5 15. Nc1 Qc6 16. Nd5 Bxd5 17. exd5 Qc7 18. Qe1 Rf8 19. c4 Ne8 20. Be2 f5 21. b4 Nd7 22. f3 Nef6 23. Nb3 g5 24. Bf2 g4 25. Rac1 gxf3 26. gxf3 b6 27. axb6 Nxb6 28. Na5 Kh8 29. Nc6 Qb7 30. Nxe7 Qxe7 31. Bxb6 Rg8+ 32. Kh1 e4 33. Qh4 Rg6 34. Bd4 Rcg8 35. Rg1 exf3 36. Bxf3 1-0

[Event "URU-ch Semi Final 2020"]
[Site "Montevideo"]
[Date "2020.02.22"]
[Round "2.10"]
[White "Garcia, Matias"]
[Black "Granara Barreto, Sebastian"]
[Result "1/2-1/2"]
[ECO "B23"]
[WhiteElo "1810"]
[BlackElo "2132"]
[Annotator "NA"]
[PlyCount "154"]
[EventDate "2020.02.22"]
[EventType "swiss"]
[EventCountry "URU"]
[SourceTitle "playchess.com"]
[Source "ChessBase"]
[SourceQuality "1"]
[TimeControl "5400+30"]

1. e4 c5 2. Nc3 Nc6 3. f4 g6 4. Nf3 Bg7 5. Bb5 Nd4 6. O-O Nxb5 7. Nxb5 a6 8. Nc3 b5 9. d3 Bb7 10. Qe1 b4 11. Ne2 d5 12. e5 e6 13. Be3 d4 14. Bd2 Ne7 $11 15. Ng3 h6 16. Ne4 Bxe4 17. Qxe4 Qd5 18. Qe2 O-O 19. Rf2 a5 20. g4 Rac8 21. b3 a4 22. h4 axb3 23. axb3 Ra8 24. Re1 Ra2 25. Bc1 Qd7 26. h5 gxh5 27. Nh4 Ng6 28. Nxg6 fxg6 29. gxh5 gxh5 30. Qxh5 Qf7 31. Qf3 Kh8 32. Ref1 Qf5 33. Qg3 Rg8 34. Rg2 Rxc2 35. Rxc2 Bf8 36. Qxg8+ Kxg8 37. Rf3 Kf7 38. Ra2 Qg4+ 39. Kf2 Qh4+ 40. Ke2 Qh2+ 41. Rf2 Qh1 42. Rf1 Qg2+ 43. Rf2 Qd5 44. Ra7+ Ke8 45. Bd2 Qxb3 46. Rg2 Qd5 47. Rg8 b3 48. Bc1 Qh1 49. Ba3 Qh2+ 50. Kf3 Qh1+ 51. Kf2 Qh4+ 52. Kf3 Qh1+ 53. Kf2 Qd5 54. Rh8 b2 55. Bxb2 Qb3 56. Ba3 Qc2+ 57. Ke1 Qxd3 58. Ra8+ Kd7 59. Rhxf8 Qe3+ 60. Kd1 Qd3+ 61. Ke1 Qe3+ 62. Kd1 Qd3+ 63. Ke1 Qe3+ 64. Kd1 d3 65. Rfd8+ Ke7 66. Bxc5+ Qxc5 67. Rdc8 Qg1+ 68. Kd2 Qf2+ 69. Kxd3 Qf3+ 70. Kc2 Qe4+ 71. Kd1 Kf7 72. Rg8 Qd3+ 73. Ke1 Qe3+ 74. Kd1 Qd3+ 75. Ke1 Qe3+ 76. Kd1 Qd3+ 77. Ke1 Qe3+ 1/2-1/2

[Event "URU-ch Semi Final 2020"]
[Site "Montevideo"]
[Date "2020.02.22"]
[Round "2.11"]
[White "Lanzilotta, Marcelo"]
[Black "Soto, Nicolas"]
[Result "1-0"]
[ECO "C01"]
[WhiteElo "2003"]
[BlackElo "2002"]
[Annotator "NA"]
[PlyCount "75"]
[EventDate "2020.02.22"]
[EventType "swiss"]
[EventCountry "URU"]
[SourceTitle "playchess.com"]
[Source "ChessBase"]
[SourceQuality "1"]
[TimeControl "5400+30"]

1. e4 e6 2. d4 d5 3. exd5 exd5 4. Nc3 Nc6 5. Bf4 Bb4 6. a3 Ba5 7. Qd3 Nge7 8. O-O-O $11 Bxc3 9. Qxc3 Bf5 10. h3 Qd7 11. g4 Bg6 12. Nf3 f6 13. h4 h5 14. g5 O-O-O 15. Nd2 Kb8 16. Nb3 b6 17. Bb5 Qf5 18. Bg3 Be8 19. Rhe1 Bd7 20. Bxc7+ Ka8 21. Bxd8 Rxd8 22. Rd2 Rc8 23. Qg3 Kb7 24. Qd6 Rd8 25. Rxe7 Nxe7 26. Qxe7 Kc7 27. Qxg7 fxg5 28. Bxd7 Rxd7 29. Qxg5 Qf3 30. Qe5+ Kb7 31. Qg3 Qh1+ 32. Rd1 Qe4 33. f3 Qf5 34. Re1 Rc7 35. c3 Qd3 36. Qe5 Qxf3 37. Nd2 Qf2 38. Qxd5+ 1-0

[Event "URU-ch Semi Final 2020"]
[Site "Montevideo"]
[Date "2020.02.22"]
[Round "2.12"]
[White "Torales, Agustin"]
[Black "Rey Besada, Fernando"]
[Result "1/2-1/2"]
[ECO "C01"]
[WhiteElo "1623"]
[BlackElo "2135"]
[Annotator "NA"]
[PlyCount "52"]
[EventDate "2020.02.22"]
[EventType "swiss"]
[EventCountry "URU"]
[SourceTitle "playchess.com"]
[Source "ChessBase"]
[SourceQuality "1"]
[TimeControl "5400+30"]

1. e4 e6 2. d4 d5 3. exd5 exd5 4. Bd3 Bd6 5. Nf3 Bg4 6. h3 Bh5 7. O-O Ne7 8. Re1 O-O 9. Nbd2 Nbc6 10. c3 f6 11. Qc2 Bg6 12. Nf1 Bxd3 13. Qxd3 Qd7 14. Ne3 Bf4 $11 15. Nf5 Bxc1 16. Nxe7+ Nxe7 17. Raxc1 Rfe8 18. Nh4 Nc6 19. Nf5 Rxe1+ 20. Rxe1 Re8 21. Rxe8+ Qxe8 22. Qg3 Qd7 23. Qg4 Kh8 24. h4 g6 25. Ne3 Qxg4 26. Nxg4 Kg7 1/2-1/2

[Event "URU-ch Semi Final 2020"]
[Site "Montevideo"]
[Date "2020.02.22"]
[Round "2.13"]
[White "Coppola, Claudio"]
[Black "Blanco, Rudemar Ernesto"]
[Result "1-0"]
[ECO "D00"]
[WhiteElo "2314"]
[BlackElo "1470"]
[Annotator "NA"]
[PlyCount "107"]
[EventDate "2020.02.22"]
[EventType "swiss"]
[EventCountry "URU"]
[SourceTitle "playchess.com"]
[Source "ChessBase"]
[SourceQuality "1"]
[TimeControl "5400+30"]

1. d4 d5 2. Nc3 Nf6 3. Bf4 c6 4. e3 e6 5. Nf3 Be7 6. Bd3 {[%emt 0:00:25] D00: 1 d4 d5: Unusual lines.} h6 {[%emt 0:02:09] [#]} 7. g4 $146 ({Predecessor:} 7. O-O Nbd7 8. Ne5 O-O 9. Qf3 c5 10. Nxd7 Bxd7 11. dxc5 Bxc5 12. e4 Bc6 13. e5 {1-0 (25) Nielsen,M-Jensen,D Copenhagen 2001}) 7... b6 8. g5 ({Better is} 8. Ne5 $14) 8... hxg5 9. Bxg5 Ba6 10. Ne5 Bxd3 11. cxd3 Nfd7 12. Bxe7 Qxe7 13. Qg4 Nxe5 14. dxe5 g6 15. h4 Nd7 16. d4 O-O-O 17. O-O-O Kb7 18. Qg5 Rde8 19. Ne2 Rh5 20. Qxe7 Rxe7 $11 21. Nf4 Rh8 22. Rdg1 c5 23. Rg4 Rc8 24. Kd2 cxd4 25. exd4 Nf8 26. Ne2 Rec7 27. Nc3 a6 28. Rf4 b5 29. Rh3 Re7 30. Nd1 Nd7 31. Rhf3 Rf8 32. Ne3 Nb8 33. Ng4 Nc6 34. Nh6 Nd8 35. Rf6 Rh8 36. Nxf7 Nxf7 37. Rxf7 Rxf7 38. Rxf7+ Kc6 39. Re7 Rxh4 40. Rxe6+ Kb7 41. Kc3 Rf4 42. Rxg6 Rxf2 43. Rd6 a5 44. Rxd5 Kc6 45. Rd6+ Kc7 46. Rf6 Rh2 47. d5 Rh3+ 48. Kd4 Rh4+ 49. Kc5 Rh2 50. d6+ Kd8 51. e6 Rc2+ 52. Kxb5 Rxb2+ 53. Kc4 Rd2 54. Rf8# 1-0

[Event "URU-ch Semi Final 2020"]
[Site "Montevideo"]
[Date "2020.02.22"]
[Round "2.14"]
[White "Campora, Edgardo"]
[Black "Muniz, Rafael"]
[Result "0-1"]
[ECO "B50"]
[WhiteElo "1676"]
[BlackElo "2232"]
[Annotator "NA"]
[PlyCount "61"]
[EventDate "2020.02.22"]
[EventType "swiss"]
[EventCountry "URU"]
[SourceTitle "playchess.com"]
[Source "ChessBase"]
[SourceQuality "1"]
[TimeControl "5400+30"]

1. e4 c5 2. Nf3 d6 3. c3 Nf6 4. h3 g6 5. Bd3 Bg7 6. Bc2 O-O 7. d4 cxd4 8. cxd4 Nc6 9. a3 e5 (9... d5 $5 10. e5 Ne4 $11) 10. O-O (10. d5 $11 Nd4 11. O-O (11. Nxd4 exd4 12. O-O Qb6 $11)) 10... Re8 $14 (10... Nxd4 $17 11. Nxd4 exd4 12. Qxd4 Re8) 11. Nc3 exd4 12. Nxd4 Nxd4 13. Qxd4 Nxe4 14. Qd3 Nxc3 15. bxc3 Bf5 16. Qd2 Bxc2 17. Qxc2 Rc8 18. Bb2 Qb6 19. Rab1 Qc5 20. Qd3 Re6 21. Rfd1 Rce8 22. Rd2 Bh6 23. Rc2 Re1+ 24. Rxe1 Rxe1+ 25. Kh2 Qc6 26. f3 Bf4+ 27. g3 Re3 28. Qd1 Be5 29. f4 Bf6 30. Rd2 Qe4 31. c4 0-1